 Dungeon Crawl Stone Soup version 0.27-a0-1434-g6f15984924 (webtiles) character file.

Game seed: 4970642232743533358

5106 gabbers the Blocker (level 10, -4/80 HPs)
             Began as a Barachi Fighter on July 3, 2021.
             Was an Initiate of Qazlal.
             Slain by Harold (21 damage)
             ... on level 9 of the Dungeon on July 4, 2021.
             The game lasted 00:44:37 (12675 turns).

gabbers the Blocker (Barachi Fighter)              Turns: 12675, Time: 00:44:38

Health: -4/80      AC: 10    Str: 19    XL:     10   Next: 57%
Magic:  10/12      EV:  9    Int:  6    God:    Qazlal [......]
Gold:   209        SH: 12    Dex: 14    Spells: 7/9 levels left

rFire    . . .     SeeInvis .   b - +2 trident (flame)
rCold    + . .     Faith    .   c - +0 kite shield
rNeg     . . .     Spirit   .   p - +0 ring mail {rC+}
rPois    .         Reflect  .   o - +1 helmet
rElec    .         Harm     .   (no cloak)
rCorr    .         Rampage  .   h - +0 pair of gloves
Will     .....                  (no boots)
Stlth    +.........             (no amulet)
HPRegen  0.23/turn              g - ring of wizardry
MPRegen  0.13/turn              (no ring)

@: slow
A: amphibious, slowness 1, strong legs 1, +LOS, claws 1, dopey 1
a: Hop, Renounce Religion


You were on level 9 of the Dungeon.
You worshipped Qazlal.
Qazlal was noncommittal.
You visited 2 branches of the dungeon, and saw 10 of its levels.
You also visited: Ossuary.

You collected 503 gold pieces.
You spent 294 gold pieces at shops.

Inventory:

Hand Weapons
 b - a +2 trident of flaming (weapon)
 j - a +0 hunting sling
 r - the +8 hand axe "Xagruesokor" {protect, *Slow Will+ rCorr Int+2}
   (You took it off an orc on level 7 of the Dungeon)

   It grants its wielder temporary protection when it strikes (+7 to AC).
   Int:       It affects your intelligence (+2).
   rCorr:     It protects you from acid and corrosion.
   *Slow:     It may slow you when you take damage.
   Will:      It increases your willpower.
Missiles
 e - 95 sling bullets
Armour
 c - a +0 kite shield (worn)
 h - a +0 pair of gloves (worn)
 o - a +1 helmet (worn)
 p - a +0 ring mail of cold resistance (worn)
 G - a +2 pair of gloves
Jewellery
 g - a ring of wizardry (left hand)
 u - a ring of flight
Wands
 k - a wand of acid (1)
 l - a wand of flame (3)
Scrolls
 a - a scroll of identify
 m - a scroll of fog
 n - a scroll of acquirement
 x - 3 scrolls of fear
 A - 4 scrolls of teleportation
Potions
 d - 3 potions of lignification
 f - 2 potions of magic
 i - a potion of curing
 q - 3 potions of invisibility
 t - 2 potions of berserk rage
 v - 3 potions of heal wounds
 w - a potion of might
 B - 2 potions of attraction
 C - 2 potions of brilliance
 E - a potion of haste


   Skills:
 + Level 8.0 Fighting
 * Level 8.9 Polearms
 + Level 8.1 Armour
 * Level 10.1 Shields
 * Level 3.0 Invocations


You had 7 spell levels left.
You knew the following spells:

 Your Spells              Type           Power      Damage    Failure   Level
a - Blink                 Tloc           N/A        N/A       63%         2

Your spell library contained the following spells:

 Spells                   Type           Power      Damage    Failure   Level
 Slow                     Hex            0%         N/A       63%         2
 Call Canine Familiar     Summ           0%         N/A       85%         3
 Confusing Touch          Hex            0%         N/A       85%         3
 Conjure Flame            Conj/Fire      0%         6-21      85%         3
 Ignite Poison            Fire/Tmut/Pois 0%         N/A       85%         3
 Lesser Beckoning         Tloc           0%         N/A       85%         3
 Mephitic Cloud           Conj/Pois/Air  0%         N/A       85%         3
 Portal Projectile        Hex/Tloc       0%         N/A       85%         3
 Leda's Liquefaction      Hex/Erth       0%         N/A       99%         4
 Alistair's Intoxication  Tmut/Pois      0%         N/A       100%        5
 Bolt of Magma            Conj/Fire/Erth 0%         4d4       100%        5
 Borgnjor's Vile Clutch   Necr/Erth      0%         N/A       100%        5
 Fireball                 Conj/Fire      0%         3d3       100%        5
 Manifold Assault         Tloc           0%         N/A       100%        5
 Yara's Violent Unravell  Hex/Tmut       0%         3d3       100%        5
 Eringya's Noxious Bog    Tmut/Pois      0%         N/A       100%        6
 Starburst                Conj/Fire      0%         8x6d3     100%        6


Dungeon Overview and Level Annotations

Branches:
Dungeon (9/15)             Temple (1/1) D:6            Lair (0/6) D:8
Ossuary (visited)
    Orc: D:9-12

Altars:
Ashenzari
Cheibriados
Dithmenos
Elyvilon
Fedhas
Gozag
Hepliaklqana
Kikubaaqudgha
Makhleb
Okawaru
Qazlal
Ru
Sif Muna
Trog
Uskayaw
Vehumet
Wu Jian
Xom
Yredelemnul
Zin
The Shining One

Shops:
D:6 *

Annotations:
D:9 Harold


Innate Abilities, Weirdness & Mutations

You are amphibious.
You cover ground slowly.
You can hop short distances.
You have an extended range of vision and can be seen from far away.
You have sharp fingernails.
You are dopey. (Int -2)


Message History

You struggle against the net.
Harold hits you from afar with a +0 halberd.
You struggle against the net.
Harold hits you from afar with a +0 halberd!
You shred the net and break free!
Harold throws a throwing net.
The throwing net hits you.
You become entangled in the net!
You struggle against the net.
Harold hits you from afar with a +0 halberd!
You struggle against the net.
Harold hits you from afar with a +0 halberd!!
Your magical contamination has completely faded away.
You struggle against the net.
Harold hits you from afar with a +0 halberd!
* * * LOW HITPOINT WARNING * * *
You feel much better. Harold fires a harpoon shot at you.
The harpoon shot hits you!
You are yanked forward by the harpoon shot.
You barely miss Harold.
Harold is moderately wounded.
You block Harold's attack.
You barely miss Harold.
Harold is moderately wounded.
Harold hits you with a +0 halberd!!
* * * LOW HITPOINT WARNING * * *
You puncture Harold! You burn Harold.
Harold is heavily wounded.
You block Harold's attack.
You feel much better. Harold hits you with a +0 halberd.
* * * LOW HITPOINT WARNING * * *
You hit Harold but do no damage.
Harold is heavily wounded.
You block Harold's attack.
You hit Harold but do no damage.
Harold is heavily wounded.
You block Harold's attack.
You hit Harold. You burn Harold.
Harold is heavily wounded.
Harold hits you with a +0 halberd!!
You die...

#.........###
#...........
#.........#
#.........#
#.........#
#.........#
#.........#
#...>.....#
#####@#####
#.@..# ####.#
.... ......#
.......#
........#
.....$..@.
..........##


You could see Harold.

Vanquished Creatures
  Joseph (D:7)
  Psyche (D:7)
  A troll (D:8)
  Grinder (D:7)
  A wyvern (D:8)
  A steam dragon (D:7)
  Edmund (D:3)
  2 water moccasins
  Duvessa (D:4)
  4 orc warriors
  2 sky beasts
  A black bear (D:4)
  An ice beast (D:7)
  3 ogres
  A hornet zombie (Ossuary)
  3 centaurs (D:8)
  2 phantoms
  Dowan (D:4)
  A gnoll sergeant (D:4)
  2 wyvern zombies
  3 scorpions
  2 water moccasin zombies (Ossuary)
  A water moccasin skeleton (D:4)
  3 howler monkeys
  4 centaur zombies (Ossuary)
  3 bullfrog zombies (Ossuary)
  2 hounds (D:4)
  A jelly (D:5)
  3 orc priests (D:8)
  3 bullfrog skeletons
  4 iguanas
  11 orc wizards
  2 killer bee zombies (Ossuary)
  10 mummies
  A howler monkey zombie (Ossuary)
  Robin (D:2)
  3 gnolls
  8 adders
  A howler monkey skeleton (D:5)
  A shadow imp (D:6)
  A white imp (D:6)
  An adder skeleton (D:4)
  2 dart slugs
  16 orcs
  8 ball pythons
  4 bats (D:1)
  7 endoplasms
  2 giant cockroaches
  17 goblins
  8 hobgoblins
  2 jackals (D:3)
  6 quokkas
  2 frilled lizards (D:1)
  A goblin zombie (D:6)
  6 kobolds
  An orc zombie (D:6)
  8 rats
190 creatures vanquished.

Vanquished Creatures (others)
  17 fungi
  6 plants (D:8)
  11 withered plants (Ossuary)
34 creatures vanquished.

Grand Total: 224 creatures vanquished

Notes
Turn   | Place    | Note
-------+----------+-------------------------------------------
     0 | D:1      | gabbers the Barachi Fighter began the quest for the Orb.
     0 | D:1      | Reached XP level 1. HP: 18/18 MP: 1/1
   130 | D:1      | Reached XP level 2. HP: 19/25 MP: 2/2
   801 | D:1      | Reached XP level 3. HP: 30/30 MP: 3/3
   892 | D:1      | Found a faded altar of an unknown god.
  1504 | D:2      | Reached skill level 4 in Shields
  1740 | D:2      | Noticed Robin
  1743 | D:2      | Reached XP level 4. HP: 34/37 MP: 4/4
  1759 | D:2      | Killed Robin
  1955 | D:3      | Found an ancient bone altar of Kikubaaqudgha.
  1993 | D:3      | Found a burning altar of Makhleb.
  2107 | D:3      | Found an ornate altar of the Wu Jian Council.
  2570 | D:4      | Reached XP level 5. HP: 20/42 MP: 5/5
  2771 | D:4      | Noticed Edmund
  2786 | D:3      | Killed Edmund
  2787 | D:3      | Reached skill level 5 in Shields
  2787 | D:3      | Reached XP level 6. HP: 41/49 MP: 6/6
  3024 | D:4      | Got the Incunabulum of the Earthen Blaze
  3072 | D:4      | Noticed Grinder
  3075 | D:4      | Paralysed by Grinder for 7 turns
  4867 | D:4      | Reached XP level 7. HP: 51/55 MP: 7/7
  4923 | D:4      | Reached skill level 5 in Fighting
  4923 | D:4      | Reached skill level 5 in Armour
  4937 | D:4      | Reached skill level 5 in Polearms
  4937 | D:4      | Reached skill level 6 in Shields
  5469 | D:4      | Noticed Duvessa
  5469 | D:4      | Noticed Dowan
  5482 | D:4      | Killed Duvessa
  5483 | D:4      | Reached XP level 8. HP: 47/63 MP: 8/8
  5505 | D:4      | Killed Dowan
  5754 | D:5      | Entered Level 5 of the Dungeon
  5896 | D:4      | Reached skill level 7 in Shields
  6750 | D:5      | Learned a level 2 spell: Blink
  7627 | D:6      | Identified a scroll of acquirement
  7670 | D:6      | Reached XP level 9. HP: 71/71 MP: 9/9
  7678 | D:6      | Found Bagir's General Store.
  7688 | D:6      | Bought a scroll of fog for 24 gold pieces
  7688 | D:6      | Bought a potion of curing for 36 gold pieces
  7688 | D:6      | Bought a potion of might for 48 gold pieces
  7688 | D:6      | Bought 3 scrolls of fear for 126 gold pieces
  7688 | D:6      | Bought a scroll of identify for 24 gold pieces
  7720 | D:6      | Reached skill level 8 in Shields
  7799 | D:6      | Found a sand-covered staircase.
  7935 | Ossuary  | Entered an ossuary
  9231 | D:6      | Found a staircase to the Ecumenical Temple.
  9387 | Temple   | Entered the Ecumenical Temple
  9466 | Temple   | Became a worshipper of Qazlal Stormbringer
  9761 | D:7      | Reached skill level 9 in Shields
  9808 | D:7      | Found a bloodstained altar of Trog.
  9809 | D:7      | Found a basalt altar of Yredelemnul.
  9820 | D:6      | Bought a scroll of teleportation for 36 gold pieces
  9821 | D:6      | Gained mutation: You are dopey. (Int -2) [potion of
                  | mutation]
  9821 | D:6      | Gained mutation: You have sharp fingernails. [potion of
                  | mutation]
  9934 | D:7      | Noticed Joseph
  9937 | D:7      | Identified the +8 hand axe "Xagruesokor" {protect, *Slow
                  | Will+ rCorr Int+2}
  9989 | D:7      | Killed Joseph
  9990 | D:7      | Reached skill level 1 in Invocations
  9990 | D:7      | Reached XP level 10. HP: 35/79 MP: 9/11
 10051 | D:7      | Paralysed by Grinder for 2 turns
 10476 | D:7      | Paralysed by Grinder for 4 turns
 10486 | D:7      | Killed Grinder
 10797 | D:8      | Noticed Psyche
 10824 | D:7      | Killed Psyche
 11837 | D:8      | Found a staircase to the Lair.
 11915 | D:8      | Reached skill level 10 in Shields
 12646 | D:9      | Noticed Harold
 12675 | D:9      | Slain by Harold

Illustrated notes

Levels and vault maps discovered:
D:1:      minmay_arrival_glassed_features, layout_basic,
          chequers_ecumenical_altar_lobes, serial_bayou_pond_b
D:2:      layout_basic, uniq_robin
D:3:      layout_basic, amcnicky_altar_gilded, kiku_gazebo_pond_becter,
          nicolae_wu_jian_immortal_techniques, kennysheep_generic_room_2
D:4:      layout_rooms, serial_aquarium, aquarium_bridge_island_small
          [aquarium_subvault_small_open, aquarium_subvault_balcony,
          aquarium_subvault_window, aquarium_subvault_window,
          aquarium_subvault_bridge], aquarium_bridge_long_separate
          [aquarium_subvault_bridge, aquarium_subvault_window,
          aquarium_subvault_bridge, aquarium_subvault_bridge,
          aquarium_subvault_window, aquarium_subvault_bridge],
          aquarium_window_corridor_2, aquarium_window_fake, aquarium_window_2,
          aquarium_view_2f, aquarium_pool_side, uniq_edmund, uniq_duvessa,
          uniq_grinder
D:5:      layout_basic, minmay_a_box_with_orc_wizards_in_it
D:6:      layout_basic, minmay_temple_entry_waves, nicolae_ossuary_entry_giza,
          serial_shops, shop
D:7:      layout_basic, grunt_temple_overflow_open, uniq_joseph
D:8:      layout_loops_ring, dpeg_oklobed_lair, minmay_misc_feat_alley,
          uniq_psyche
D:9:      layout_roguey, nemelex_spade_bored_becter, uniq_harold
Temple:   compressed_dpeg_circular_temple

Skill      XL: |  1  2  3  4  5  6  7  8  9 10 |
---------------+-------------------------------+-----
Armour         | 4 5 6 7 8 |  8.1
Shields        | 4 5 6 7 9 10 | 10.1
Fighting       | 4 5 6 7 8 |  8.0
Polearms       | 3 4 5 6 8 |  8.9
Invocations    | 1 3 |  3.0

Action                   |  1- 3 |  4- 6 |  7- 9 | 10-12 || total
-------------------------+-------+-------+-------+-------++-------
Melee: Trident           |   134 |   191 |   526 |   148 ||   999
 Fire: Hunting sling     |       |       |       |     4 ||     4
 Cast: Blink             |       |       |       |     1 ||     1
 Abil: Hop               |       |     5 |     1 |     3 ||     9
Evoke: Wand              |       |     2 |    12 |     9 ||    23
  Use: Scroll            |     2 |     2 |     9 |     5 ||    18
       Potion            |       |     2 |     6 |     3 ||    11
Armor: Scale mail        |    40 |    22 |       |       ||    62
       Ring mail         |       |    50 |   158 |    39 ||   247
Dodge: Dodged            |    25 |    50 |   126 |    48 ||   249
Block: Kite shield       |    67 |   121 |   213 |    88 ||   489

Table legend: (Time is in decaauts)
 A = Elapsed time spent in this place.
 B = Non-inter-level travel time spent in this place.
 C = Inter-level travel time spent in this place.
 D = Time resting spent in this place.
 E = Time spent auto-exploring this place.
 F = Levels seen in this place.
 G = Mean time per level.
                   A        B        C        D        E       F      G
               +--------+--------+--------+--------+--------+-----+--------+
         Total |  13856 |  13280 |    576 |   5648 |   5177 |  11 | 1259.6 |
       Dungeon |  12464 |  11910 |    554 |   4855 |   4949 |   9 | 1384.9 |
        Temple |    116 |     94 |     22 |      0 |     18 |   1 |  116.0 |
       Ossuary |   1275 |   1275 |      0 |    792 |    210 |   1 | 1275.0 |
               +--------+--------+--------+--------+--------+-----+--------+

Top non-repeatable levels by time:
     D:4: 2633 daAuts
     D:5: 1853 daAuts
     D:3: 1843 daAuts
     D:8: 1745 daAuts
 Ossuary: 1275 daAuts
     D:1: 1137 daAuts
     D:7: 1121 daAuts
     D:6: 1088 daAuts
     D:2: 994 daAuts
  Temple: 116 daAuts
     D:9: 46 daAuts
